[Event "Croatian Championship 2022"]
[Site "Split"]
[Date "2022.12.06"]
[Round "8.2"]
[White "Zelcic, Robert"]
[Black "Brkic, Ante"]
[Result "1/2-1/2"]
[ECO "B53"]
[WhiteElo "2496"]
[BlackElo "2610"]
[Annotator "TA"]
[PlyCount "108"]
[EventDate "2022.11.29"]
[EventType "tourn"]
[EventCountry "CRO"]
[SourceTitle "playchess.com"]
[Source "ChessBase"]
[SourceQuality "1"]
[TimeControl "40/5400+30:1800+30"]

1. e4 c5 2. Nf3 d6 3. d4 cxd4 4. Qxd4 Nf6 5. Nc3 Nc6 6. Bb5 Bd7 7. Bxc6 Bxc6 8. Bg5 e6 9. O-O-O Be7 10. Bxf6 {[%emt 0:00:15] 10.Qd3 gains popularity. B53: Sicilian: 2...d6: Lines with Qxd4.} Bxf6 11. Qxd6 Qxd6 12. Rxd6 Bxc3 13. bxc3 Bxe4 14. Ne5 $1 Rc8 15. Rd4 Bd5 {[%emt 0:09:32] aiming for ...0-0.} 16. c4 $1 Bxg2 17. Rg1 f6 18. Nd7 Ke7 19. Rxg2 Rhg8 {[%emt 0:00:29] [#]} 20. Rg3 $146 {[%emt 0:01:50] Threatens to win with Rb3.} ({Predecessor:} 20. Rh4) 20... Rc7 $1 21. Rgd3 {[%emt 0:01:25][%cal Od7c5] [#] Nc5! is the strong threat.} (21. Rh4 {simplifies} Kxd7 22. Rxh7 Kd6 23. h4) 21... Rd8 22. Rg4 Rdxd7 23. Rxg7+ $11 {[%emt 0:00:07][%mdl 4096] Endgame KRR-KRR} Ke8 24. Rg8+ (24. Rgxd7 {simplifies} Rxd7 25. Rh3 e5 26. c5) 24... Kf7 25. Ra8 Rxd3 26. cxd3 $15 {[%emt 0:00:06] KR-KR} b5 27. Kd2 (27. Kb2 $5 ) 27... bxc4 28. dxc4 Kg6 (28... Rxc4 $5 29. Rxa7+ Kg6 $15) 29. Kc3 Kf5 30. Rd8 e5 31. Rd6 a5 32. Ra6 Rg7 33. c5 Rg2 34. Rxa5 Ke6 $1 35. Ra6+ Kd5 $2 {[%emt 0:00:14][%mdl 8192] [#]} (35... Ke7 $1 $11 {and Black is okay.}) 36. Rxf6 $2 (36. Kb4 $1 $18 Rxf2 37. Rd6+ Ke4 38. a4) 36... Kxc5 $11 {[%emt 0:00:15] The position is equal.} 37. h3 Rh2 38. Rf3 e4 {[%emt 0:00:12] Inhibits a4.} 39. Rf5+ Kd6 40. Kd4 Rxh3 41. a4 Ra3 42. a5 Ra4+ 43. Ke3 Ke6 44. Rb5 Kf6 45. Kf4 Ra2 46. Rb6+ Ke7 47. a6 Rxf2+ 48. Ke5 Kd7 {[%emt 0:01:10] Prevents a7.} 49. Kd5 Rf5+ 50. Kc4 e3 {[%emt 0:01:39] And now ...e2 would win.} 51. Kd3 {[%emt 0:00:45] Inhibits e2.} Ra5 52. Rh6 Ra3+ 53. Ke2 Kc7 54. a7 Rxa7 {[%emt 0:00:04] Weighted Error Value: White=0.12 (very precise) /Black=0.17 (very precise)} 1/2-1/2

[Event "Croatian Championship 2022"]
[Site "Split"]
[Date "2022.12.06"]
[Round "8.3"]
[White "Bukal, Vladimir Jr."]
[Black "Kurajica, Bojan"]
[Result "1/2-1/2"]
[ECO "A50"]
[WhiteElo "2411"]
[BlackElo "2487"]
[Annotator "TA"]
[PlyCount "22"]
[EventDate "2022.11.29"]
[EventType "tourn"]
[EventCountry "CRO"]
[SourceTitle "playchess.com"]
[Source "ChessBase"]
[SourceQuality "1"]
[TimeControl "40/5400+30:1800+30"]

1. Nf3 Nf6 2. g3 b6 3. Bg2 Bb7 4. O-O g6 5. d4 Bg7 6. c4 O-O 7. Nc3 {[%emt 0:00:06] 7.Re1 is a critical line.} d5 {[%emt 0:00:18] A50: Queen's Fianchetto Defence (1 d4 Nf6 2 c4 b6).} 8. cxd5 Nxd5 9. Qb3 Nxc3 10. bxc3 {[%emt 0:00:06] [#]} Be4 $146 ({Predecessor:} 10... Nc6 11. Bg5 h6 12. Bf4 g5 13. Bc1 Na5 14. Qc2 c5 15. dxc5 Qc7 16. cxb6 axb6 17. Rb1 Nc4 18. Rb4 Rfc8 {1-0 (47) Vincenzi,M (2074)-Meessen,M (2212) Porto Mannu 2018}) 11. Ne1 (11. Rd1 $14 {deserves consideration.}) 11... Bxg2 {[%emt 1:26:48] Weighted Error Value: White=0.26 (precise) /Black=0.22 (precise)} 1/2-1/2

[Event "Croatian Championship 2022"]
[Site "Split"]
[Date "2022.12.06"]
[Round "8.4"]
[White "Bosiocic, Marin"]
[Black "Stevic, Hrvoje"]
[Result "0-1"]
[ECO "D26"]
[WhiteElo "2536"]
[BlackElo "2543"]
[Annotator "TA"]
[PlyCount "92"]
[EventDate "2022.11.29"]
[EventType "tourn"]
[EventCountry "CRO"]
[SourceTitle "playchess.com"]
[Source "ChessBase"]
[SourceQuality "1"]
[TimeControl "40/5400+30:1800+30"]

1. d4 d5 2. c4 dxc4 3. Nf3 Nf6 4. e3 e6 5. Bxc4 c5 6. O-O Nc6 7. dxc5 Qxd1 8. Rxd1 Bxc5 9. a3 {[%emt 0:00:44] D26: Queen's Gambit Accepted: 4 e3 e6 5 Bxc5 c5 sidelines.} O-O 10. b4 Be7 11. Bb2 {[%emt 0:02:09] The position is equal.} Bd7 12. Nbd2 Rfd8 13. Rac1 Be8 14. Kf1 Rac8 {[%emt 0:10:51] [#]} 15. Ke2 $146 ({Predecessor:} 15. Be2 Nb8 16. Rxc8 Rxc8 17. Nc4 Nd5 18. Nd4 Ba4 19. Rc1 Be8 20. g3 b5 21. Na5 Rxc1+ 22. Bxc1 {0-1 (62) Le,Q (2709)-Dominguez Perez,L (2758) Chess24.com INT 2021}) 15... Nd5 (15... a6 {seems wilder.} 16. Bb3 a5 17. b5 a4) 16. Ne4 (16. Bb3 {simplifies} Nb6 17. Nc4 Rxd1 18. Kxd1 Nxc4 19. Bxc4 Nb8 20. Kd2) 16... Nb6 (16... h6 $5) 17. Bd3 (17. Bb3 $11) 17... Na4 (17... a5 $15) 18. Ba1 $1 $11 a5 (18... f5 19. Neg5 Rxd3 20. Rxd3 $16 (20. Kxd3 e5 $14)) 19. Nc5 Nxc5 20. bxc5 Nb8 21. h4 (21. Rd2 $15) 21... Ba4 $17 22. Rd2 Nd7 (22... Rxc5 23. Rxc5 Bxc5 24. Bxh7+ $1 Kxh7 25. Rxd8 $16) 23. Bd4 b6 (23... g6 $17 24. Rc4 Bc6) 24. Ng5 ({White should play} 24. Rc4 $1 $15 Bb5 25. Rc3 Bxd3+ 26. Rcxd3 Nxc5 27. Bxc5 bxc5 28. Rxd8+ Bxd8 29. Rd7) 24... h6 25. Ne4 Nxc5 (25... Bxc5 26. Ba6 $15) 26. Nxc5 bxc5 27. Bc3 c4 $36 {[%emt 0:00:40][%mdl 2048] Black has strong initiative.} ({Stronger than} 27... Bxh4 28. Bxa5 Rd5 29. Rc4 $17) 28. Be4 Rxd2+ (28... Bxa3 29. Ra1 $16) 29. Kxd2 Bb3 ({Resist} 29... Bxa3 30. Ra1 Rd8+ 31. Ke2 $16) (29... Bxh4 $142 30. Ke2 Bd8) 30. Bxa5 Bxa3 {[%emt 0:00:05][%cal Of7f5] And now ...f5! would win.} 31. Rb1 Be7 32. g3 {[%emt 0:01:49] [#]} Bf6 $1 33. Bb6 {[%emt 0:02:57] [#]} (33. Ke1 $17 {is a better defense.}) 33... Bb2 $1 $19 {[%emt 0:03:07][%mdl 512] ...c3+ is the strong threat.} 34. Bc2 {[%emt 0:03:11] [#]} (34. Ke1 $142 c3 35. Bd4) (34. Bd4 c3+) 34... Ba2 $1 35. Rd1 $17 ({Avoid the trap} 35. Bh7+ $2 Kxh7 36. Re1 Bb3 $19) 35... e5 36. Ke2 Bb3 37. Bxb3 (37. Rb1 $17 Bxc2 38. Rxb2) 37... cxb3 $19 38. Rd8+ $2 (38. Rb1 Rc2+ 39. Kf3) 38... Rxd8 39. Bxd8 {[%emt 0:00:03][%mdl 4096] Endgame KB-KB} Bc3 40. Kd3 Be1 41. e4 Bxf2 42. g4 h5 43. gxh5 Bd4 44. h6 g6 45. Kd2 Kh7 {[%emt 0:00:20][%cal Of7f5] ( -> ...f5!)} 46. Bg5 f5 {[%emt 0:00:06] Weighted Error Value: White=0.72/Black=0.14 (very precise)} 0-1

[Event "Croatian Championship 2022"]
[Site "Split"]
[Date "2022.12.06"]
[Round "8.5"]
[White "Kozul, Zdenko"]
[Black "Jovanovic, Zoran"]
[Result "1/2-1/2"]
[ECO "A42"]
[WhiteElo "2539"]
[BlackElo "2513"]
[Annotator "TA"]
[PlyCount "86"]
[EventDate "2022.11.29"]
[EventType "tourn"]
[EventCountry "CRO"]
[SourceTitle "playchess.com"]
[Source "ChessBase"]
[SourceQuality "1"]
[TimeControl "40/5400+30:1800+30"]

1. d4 d6 2. Nf3 g6 3. c4 Bg7 4. Nc3 Nf6 5. e4 Bg4 6. Be3 Nc6 7. Be2 Bxf3 8. Bxf3 e5 9. d5 Nd4 $1 10. Bxd4 {[%emt 0:01:38] A42: Modern Defence: Averbakh Variation.} exd4 11. Qxd4 O-O 12. Qd2 {[%emt 0:02:03] White is slightly better.} Re8 13. O-O Nd7 14. Rae1 Qf6 {[%emt 0:17:34] [#]} 15. Bd1 $146 ({Predecessor:} 15. Nb5 Rec8 16. Bg4 Rd8 17. Bxd7 Rxd7 18. Re2 a6 19. Nc3 b5 20. cxb5 axb5 21. a3 {1-0 (55) Sebastian,M (1865)-Radikovic,A (2112) Cala Gonone 2022}) 15... Re7 16. Bc2 Qd4 17. Qxd4 Bxd4 18. Nb5 Bb6 19. Rd1 Nc5 20. Nc3 Ba5 21. Rfe1 Rae8 22. Re3 Bxc3 23. bxc3 f6 24. Rde1 Kg7 25. f4 a6 26. Kf2 Kf7 27. Kf3 Kg7 28. g3 Kf7 29. R3e2 Kg7 30. Ke3 f5 31. Kd4 (31. h4 {with more complications.} Kf6 32. Kd4 fxe4 33. Bxe4 h5 34. Re3) 31... fxe4 32. Bxe4 h5 33. Bf3 (33. Bd3 {simplifies} Rxe2 34. Rxe2 Rc8 35. Ke3) 33... Rxe2 34. Rxe2 Rxe2 35. Bxe2 $14 {[%emt 0:00:09][%mdl 4096] Endgame KB-KN} Kf6 36. Bd1 Kg7 37. h4 Kf6 38. Bc2 Nd7 39. Ba4 Nc5 {[%emt 0:00:31] [#]} 40. Be8 ({Better is} 40. Bd1 $1 $16) 40... Kf5 {[%emt 0:00:00] The position is equal.} 41. Ke3 Kf6 42. Kd4 Kf5 43. Ke3 Kf6 {[%emt 0:34:19] Weighted Error Value: White=0.09 (flawless) /Black=0.06 (flawless)} 1/2-1/2

[Event "Croatian Championship 2022"]
[Site "Split"]
[Date "2022.12.06"]
[Round "8.6"]
[White "Doric, Darko"]
[Black "Saric, Ante"]
[Result "1/2-1/2"]
[ECO "E57"]
[WhiteElo "2446"]
[BlackElo "2504"]
[Annotator "TA"]
[PlyCount "39"]
[EventDate "2022.11.29"]
[EventType "tourn"]
[EventCountry "CRO"]
[SourceTitle "playchess.com"]
[Source "ChessBase"]
[SourceQuality "1"]
[TimeControl "40/5400+30:1800+30"]

1. d4 d5 2. c4 e6 3. Nc3 Nf6 4. Bg5 dxc4 5. e3 c5 6. Bxc4 cxd4 7. exd4 Be7 8. Nf3 h6 9. Bh4 O-O 10. O-O Nc6 11. a3 b6 {[%emt 0:08:57] 11...b6 was played by the boomers. E57: Nimzo-Indian: Rubinstein: Main Line: 7...Nc6 8 a3 dxc4 9 Bxc4 cxd4.} 12. Qd3 Bb7 13. Rad1 Nh5 14. Bg3 {[%emt 0:07:30] [#] An uneventful encounter.   Weighted Error Value: White=0.00 (flawless) /Black=0.05 (flawless)} {Predecessor:} Nxg3 $146 15. hxg3 Bf6 16. d5 exd5 17. Bxd5 Na5 18. Qe4 Qc8 19. Ne5 Bxe5 20. Qxe5 {½-½ (45) Timofeev,A (2539)-Aleksandrov,A (2606) St Petersburg 2015} 1/2-1/2

[Event "Croatian Championship 2022"]
[Site "Split"]
[Date "2022.12.07"]
[Round "9.1"]
[White "Saric, Ante"]
[Black "Martinovic, Sasa"]
[Result "1/2-1/2"]
[ECO "D77"]
[WhiteElo "2504"]
[BlackElo "2557"]
[Annotator "TA"]
[PlyCount "39"]
[EventDate "2022.11.29"]
[EventType "tourn"]
[EventCountry "CRO"]
[SourceTitle "playchess.com"]
[Source "ChessBase"]
[SourceQuality "1"]
[TimeControl "40/5400+30:1800+30"]

1. Nf3 d5 2. g3 g6 3. Bg2 Bg7 4. d4 Nf6 5. c4 dxc4 6. Na3 c3 7. bxc3 O-O 8. O-O c5 9. Nc4 Nc6 10. Nfe5 Be6 {[%emt 0:00:44] is the new trend.} 11. Nxc6 bxc6 12. Ne5 Nd5 {[%emt 0:00:16] D77: Fianchetto Grünfeld: 6 0-0: Replies other than 6...c6.} 13. Bd2 Rc8 {[%emt 0:00:39] [#] A balanced but interesting game.} {Predecessor:} 14. c4 $146 Bxe5 15. dxe5 Nb6 16. Be3 Qc7 17. Bxc5 Rfd8 18. Qc1 Na4 19. Qa3 Nxc5 20. Qxc5 {½-½ (38) Saric,I (2654)-Brkic,A (2588) Porec 2016} 1/2-1/2

[Event "Croatian Championship 2022"]
[Site "Split"]
[Date "2022.12.07"]
[Round "9.2"]
[White "Jovanovic, Zoran"]
[Black "Doric, Darko"]
[Result "1-0"]
[ECO "B30"]
[WhiteElo "2513"]
[BlackElo "2446"]
[Annotator "TA"]
[PlyCount "71"]
[EventDate "2022.11.29"]
[EventType "tourn"]
[EventCountry "CRO"]
[SourceTitle "playchess.com"]
[Source "ChessBase"]
[SourceQuality "1"]
[TimeControl "40/5400+30:1800+30"]

1. e4 c5 2. Nf3 e6 3. Nc3 Nc6 4. Bb5 Nd4 5. Bd3 a6 6. O-O Nc6 {[%emt 0:00:36] 6...Nc6 scores better than 6...Ne7. B30: Sicilian: 2...Nc6 3 Bb5, lines without ...g6.} 7. Nd5 d6 8. Ne3 Nf6 {[%emt 0:01:41] White has an edge.} 9. c3 {[%emt 0:00:05] Inhibits Nb4.} d5 10. exd5 Nxd5 11. Be4 Be7 12. d4 cxd4 13. Nxd4 Nxd4 {[%emt 0:07:57] [#]} 14. Qxd4 $146 ({Predecessor:} 14. Bxd5 Nb5 15. Bf3 Qc7 16. c4 Nd6 17. b3 O-O 18. Bb2 Bd7 19. Rc1 Rad8 20. Qc2 {1-0 (29) Rodi,L (2327)-Almeida Junior,A (2044) Niteroi 2022}) 14... Nf6 {[%emt 0:13:30] Hoping for ...Qxd4.} 15. Qxd8+ Bxd8 16. Bf3 Rb8 17. Nc4 {[%emt 0:12:35] Strongly threatening Nd6+.} Bc7 {[%emt 0:27:49] Inhibits Nd6+.} 18. Rd1 Ke7 ({Black should play} 18... b5 $14 19. Nd6+ Ke7 20. Nxc8+ (20. Bf4 Nd5 $14) 20... Rhxc8) 19. b3 $1 $16 {[%emt 0:03:38] Ba3+ is the strong threat.} Ne8 20. a4 $36 {[%emt 0:01:05][%mdl 2048] Keeping Black busy.} b6 21. Bc6 Kf6 22. Be3 Bb7 (22... e5 $142) 23. Bxe8 {[%emt 0:05:05] White is much more active.} Rhxe8 24. Bxb6 Rec8 25. Ba7 {[%emt 0:03:01] Threatens to win with Rd7.} Ra8 26. Bd4+ Kg6 27. a5 Rab8 28. Ne5+ Bxe5 29. Bxe5 Ra8 30. c4 f6 31. Bd6 e5 (31... Be4 $16) 32. f3 (32. Ra4 $1 $18) 32... h5 {[%emt 0:00:25] [#]} (32... Bc6 $16 {keeps fighting.} 33. Kf2 Ra7) 33. Ra4 $1 $18 Bc6 {[%emt 0:04:18] [#]} 34. Rb4 Ra7 35. Rb6 Be8 (35... e4 $142 36. Kf2 exf3) 36. Bxe5 {[%emt 0:00:10] Weighted Error Value: White=0.05 (flawless) /Black=0.16 (very precise)} 1-0

[Event "Croatian Championship 2022"]
[Site "Split"]
[Date "2022.12.07"]
[Round "9.3"]
[White "Stevic, Hrvoje"]
[Black "Kozul, Zdenko"]
[Result "1-0"]
[ECO "B22"]
[WhiteElo "2543"]
[BlackElo "2539"]
[Annotator "TA"]
[PlyCount "101"]
[EventDate "2022.11.29"]
[EventType "tourn"]
[EventCountry "CRO"]
[SourceTitle "playchess.com"]
[Source "ChessBase"]
[SourceQuality "1"]
[TimeControl "40/5400+30:1800+30"]

1. e4 c5 2. c3 Nf6 3. e5 Nd5 4. Nf3 Nc6 5. Bc4 Nb6 6. Bb3 c4 7. Bc2 g6 {[%emt 0:00:11] 7...d6 is a critical line.} 8. Na3 {[%emt 0:04:55] B22: Sicilian: 2 c3.} Bg7 9. Qe2 O-O 10. O-O {[%emt 0:01:56] White is slightly better.} Re8 11. Re1 d5 12. exd6 {[%emt 0:00:28] [#]} Bg4 $146 ({Predecessor:} 12... Be6 13. dxe7 Qxe7 14. d4 cxd3 15. Qxd3 Rad8 16. Qf1 h6 17. Bb3 Nd5 18. Nc2 a6 {½-½ (51) Fengier,D (2139)-Reichgeld,M (2191) ICCF email 2014}) 13. Nxc4 Bxf3 14. gxf3 Nxc4 15. Qxc4 Ne5 16. Qf4 exd6 17. Kg2 Qd7 18. d4 Nc4 19. Rxe8+ Rxe8 20. Bb3 d5 21. Bxc4 dxc4 22. Bd2 {[%emt 0:00:08] Against Re1} Qb5 23. Re1 (23. b4 $16) 23... Rxe1 $11 24. Bxe1 Qxb2 {[%emt 0:00:13][%mdl 4096] Endgame KQB-KQB} 25. Bd2 Bf8 {[%emt 0:10:26] [#]} (25... Bf6 $11) 26. d5 $1 $16 {[%emt 0:00:29] Black must now prevent d6.} Qxa2 (26... Qb5 $16) 27. Be3 $2 (27. d6 $18 Qa4 28. Qf6) 27... Qa6 $11 28. Qb8 {[%emt 0:00:17][%cal Oe3c5] Intending Bc5! and mate.} Qd6 {[%emt 0:00:25] Against Bc5} 29. Qxb7 a5 $1 30. Qa8 a4 31. Bh6 {[%emt 0:03:45] Threatens to win with Bxf8.} a3 32. Kf1 f6 33. Bxf8 Qxf8 {[%emt 0:00:05] KQ-KQ} 34. Qa6 {[%emt 0:00:04][%cal Od5d6] aiming for d6!} Qc5 35. d6 Kg7 36. d7 Qd5 {[%emt 0:00:23] Against d8Q} 37. Qa7 Qf7 $2 {[%emt 0:03:47] [#]} (37... Qxf3 38. d8=Q+ Kh6 39. Qf8+ Kg5 40. Qac5+ (40. Qaxa3 Qd1+ 41. Kg2 Qg4+ 42. Kh1 Qf3+ 43. Kg1 Qg4+ 44. Kh1 Qf3+ 45. Kg1 Qg4+ 46. Kf1 Qd1+ 47. Kg2 Qg4+ 48. Kh1 $11) 40... Kg4 41. Qxc4+ Kh5 42. Qe2 Qxe2+ 43. Kxe2) (37... Kh6 $11 {and Black stays safe.}) 38. Kg2 $1 $18 {[%emt 0:00:30][%cal Oa7c7] Qc7! is the strong threat.} g5 $2 (38... Qe7 $2 39. Qc7 (39. d8=Q $2 {is the wrong capture.} Qxa7 40. Qd1 a2 $19) 39... Kg8 40. d8=Q+ $18) (38... a2 $16) 39. Qc7 $1 (39. d8=Q $2 {too greedy.} Qxa7 40. Qd1 a2 $19) 39... a2 40. d8=Q (40. d8=B $2 {perishes.} Qxc7 41. Bxc7 a1=Q $19) 40... a1=Q 41. Qxf7+ Kxf7 {[%emt 0:00:14] KQ-KQ} 42. Qd5+ Kg7 43. Qxc4 Qa7 (43... Qa5 {keeps fighting.} 44. Qc8 Qe5) 44. Qd5 Qc7 45. c4 h5 (45... f5 $142 46. Qxf5 Qxc4 47. Qxg5+ Kh8) 46. c5 {[%emt 0:06:11] Strongly threatening c6. White is clearly winning.} Kf8 47. Qe6 Qxc5 48. Qxf6+ Ke8 49. Qg6+ Kd8 50. Qxh5 {[%emt 0:00:50] And now h4 would win.} Qc1 51. Qh8+ {[%emt 0:00:43] Weighted Error Value: White=0.10 (very precise) /Black=0.29 (precise)} 1-0

[Event "Croatian Championship 2022"]
[Site "Split"]
[Date "2022.12.07"]
[Round "9.4"]
[White "Kurajica, Bojan"]
[Black "Bosiocic, Marin"]
[Result "1-0"]
[ECO "D38"]
[WhiteElo "2487"]
[BlackElo "2536"]
[Annotator "TA"]
[PlyCount "97"]
[EventDate "2022.11.29"]
[EventType "tourn"]
[EventCountry "CRO"]
[SourceTitle "playchess.com"]
[Source "ChessBase"]
[SourceQuality "1"]
[TimeControl "40/5400+30:1800+30"]

1. d4 Nf6 2. Nf3 d5 3. c4 e6 4. Nc3 Bb4 5. Bg5 h6 6. Bxf6 Qxf6 7. e3 O-O 8. Rc1 Nc6 9. a3 {[%emt 0:10:49] D38: Queen's Gambit Declined: Ragozin Defence (4 Nf3 Bb4).} Bxc3+ 10. Rxc3 dxc4 11. Bxc4 {[%emt 0:00:22] The position is equal.} e5 12. dxe5 Nxe5 13. Nxe5 Qxe5 14. O-O c6 15. Qb3 Qe7 16. Rd1 Bf5 {[%emt 0:00:19] [#]} 17. Bd3 $146 ({Predecessor:} 17. f3 Rfd8 18. e4 Rxd1+ 19. Qxd1 Rd8 20. Rd3 Rxd3 21. Qxd3 Qc5+ 22. Kf1 Be6 23. b3 Qxa3 24. Bxe6 {½-½ (35) Checa,N (2506)-Bloomer,J (1950) Chess.com INT 2019}) 17... Bg4 18. f3 Be6 19. Bc4 Bf5 20. e4 Bg6 21. Qc2 Rad8 22. Rcd3 Rxd3 23. Qxd3 b5 24. Ba2 Qc5+ 25. Kf1 Qe5 26. Qd4 Qxh2 27. Qxa7 Kh7 28. Qc5 Re8 29. Kf2 Re5 30. Qd6 {[%emt 0:02:11] Active counter play!} Qh4+ 31. Kg1 Qg3 32. Qb8 (32. Qxc6 $2 Bxe4 33. Qc7 (33. fxe4 Qe3+ 34. Kf1 Rh5) 33... Bg6 $19) 32... Qf4 {[%emt 0:18:20] Hoping for ...Qe3+.} 33. Kf2 {[%emt 0:03:52] Inhibits Qe3+.} Qh4+ (33... Bxe4 $2 34. Bxf7 $1 Qxf7 35. Qxe5 $18) 34. Kg1 $1 (34. Ke2 $2 Qg3 35. Rd8 (35. Kf1 $2 Bxe4 36. Qd6 Bc2 $19) 35... Bxe4 $1 36. fxe4 Qxg2+ 37. Kd1 Qxe4 38. Rh8+ Kg6 39. Qd6+ f6 $19) 34... Rc5 {[%emt 0:00:37] aiming for ...Rc2.} 35. Bb3 {[%emt 0:01:26] Prevents Rc2.} Qg5 {[%emt 0:01:41] And now ...Qe3+ would win.} 36. Kf2 $40 {[%emt 0:00:08][%mdl 128] Against Qe3+. Rd8 is the strong threat. White mounts an attack.} Qf6 (36... Qh4+ $11 37. Ke3 Rg5) 37. Rd2 ({White should play} 37. Rd8 $1 $14 Qxb2+ 38. Kf1 Rc1+ 39. Bd1 Rxd1+ 40. Rxd1) 37... Bxe4 {[%emt 0:04:33] Threatens to win with ...Rf5.} 38. Qd6 Qh4+ $2 {[%emt 0:06:21][%mdl 8192] [#] This costs Black the game.} (38... Qxd6 $11 39. Rxd6 Bg6) 39. g3 $1 $18 ({Not} 39. Qg3 Qxg3+ 40. Kxg3 Bg6 $15) 39... Qh2+ (39... Qh1 {was worth a try.} 40. fxe4 Rc1) 40. Ke3 {[%emt 0:00:00][%mdl 64] Discovered Attack} Qg1+ 41. Kxe4 f5+ (41... Qe1+ 42. Kd3 (42. Kf4 g5+ 43. Kg4 f5+ 44. Kh3 Qh1+ 45. Rh2 g4+ 46. fxg4 fxg4+ 47. Kxg4 Rg5+ 48. Kh3 Rh5+ 49. Kg4 Rg5+ 50. Kh3 Rh5+ 51. Kg4 Rg5+ $11) 42... Qf1+ 43. Ke3 Qg1+ 44. Rf2 Qc1+ 45. Qd2 Qg1) 42. Kd3 Qf1+ 43. Re2 Rc1 44. Qf4 Rc5 45. Qe3 Rc1 46. Kd2 {[%emt 0:05:48] White threatens Qe6 and mate.} Rb1 47. Kc3 (47. Qe5 $142 Qxf3 48. Be6 Rxb2+ 49. Qxb2) 47... Rc1+ 48. Bc2 {[%emt 0:00:44] Black must now prevent Qd3.} h5 49. Qd3 {[%emt 0:01:34] Weighted Error Value: White=0.05 (flawless) /Black=0.30} 1-0

[Event "Croatian Championship 2022"]
[Site "Split"]
[Date "2022.12.07"]
[Round "9.5"]
[White "Brkic, Ante"]
[Black "Bukal, Vladimir Jr."]
[Result "1-0"]
[ECO "B90"]
[WhiteElo "2610"]
[BlackElo "2411"]
[Annotator "TA"]
[PlyCount "79"]
[EventDate "2022.11.29"]
[EventType "tourn"]
[EventCountry "CRO"]
[SourceTitle "playchess.com"]
[Source "ChessBase"]
[SourceQuality "1"]
[TimeControl "40/5400+30:1800+30"]

1. e4 c5 2. Nf3 d6 3. d4 cxd4 4. Nxd4 Nf6 5. Nc3 a6 6. h3 Nc6 7. g4 {[%emt 0:01:54][%cal Bg2g4,Bg4g5][%mdl 32] B90: Sicilian Najdorf: Unusual White 6th moves, 6 Be3 Ng4 and 6 Be3 e5.} Nxd4 8. Qxd4 e5 {[%emt 0:00:07] Against g5} 9. Qd3 {[%emt 0:16:33] White is slightly better.} Be7 10. g5 Nd7 {[%emt 0:02:50] [#]} 11. Qg3 $146 ({Predecessor:} 11. Be3 Nc5 12. Qd2 Qa5 13. a3 Qd8 14. Bg2 Be6 15. O-O-O Rc8 16. Kb1 b5 17. h4 {1-0 (31) Evans,S (1746)-Stevens,D ICCF email 2016}) 11... Nc5 12. Be3 Qa5 13. Bxc5 Qxc5 14. O-O-O Be6 15. Nd5 Rc8 16. c3 {[%emt 0:00:24] Active counter play!} b5 (16... h6 {seems wilder.} 17. h4 hxg5 18. Bh3 Bxh3 19. hxg5 Qc4) 17. Kb1 Qa7 18. h4 Rc5 (18... Bxd5 $14 19. Rxd5 O-O) 19. f4 $16 Qb8 20. h5 {[%emt 0:04:41] Strongly threatening Nxe7.} Bd8 21. Rh2 a5 (21... exf4 $16 22. Qxf4 O-O) 22. Rhd2 (22. h6 $142 g6 23. fxe5 dxe5 24. b4 axb4 25. cxb4 Rxd5 26. exd5 Bf5+ 27. Bd3) 22... exf4 $18 23. Qxf4 h6 (23... O-O $142 24. h6 Bxd5 25. Rxd5 Rxd5 26. Rxd5 b4) 24. gxh6 $1 Rxh6 {[%emt 0:00:16] [#]} 25. Qg3 ({White should try} 25. Rg2 $1 $18 Kf8 26. Qg3) 25... Kf8 {[%emt 0:01:21] This costs Black the game.} (25... Bxd5 $16 {is a better defense.} 26. Rxd5 Rxd5 27. Rxd5 Kf8) 26. Rg2 Rh7 (26... Bf6 {was called for.} 27. Nxf6 Rxf6 28. Qxg7+ (28. Qxd6+ $2 {loses.} Qxd6 29. Rxd6 Rxf1+ $19) 28... Ke7) 27. Bd3 (27. h6 g5 28. Qh2 b4 $18) 27... Ke8 28. Qf3 {[%emt 0:02:13] aiming for Rdg1.} Qb7 29. Rdg1 Bf6 (29... Rh6 {was worth a try.} 30. Rxg7 Bxd5 31. Rg8+ Ke7) 30. Nxf6+ gxf6 31. Qxf6 Qe7 32. Rg8+ Kd7 33. Qd4 (33. Qf3 {[%cal Oe4e5] Black must now prevent e5!} Re5 34. Ra8) 33... Rhxh5 {[%emt 0:00:39] [#]} (33... Bc4 34. Bxc4 bxc4) 34. Ra8 (34. Bxb5+ $142 $1 Kc7 35. Re8 Qxe8 36. Bxe8) 34... Kc6 35. Rxa5 Bc4 36. Bxc4 bxc4 37. Ra6+ Kb5 (37... Kb7 $142) 38. Rxd6 ({Weaker is} 38. Qxd6 Qxd6 39. Rxd6 Rce5 $18) (38. Ra8 $142) 38... Rhe5 $2 (38... Qe5 $18 39. Rd7 Qxd4 40. cxd4 Rc6 41. Rxf7 Rd6) 39. b4 cxb3 40. Qb4# {[%emt 0:00:00] Weighted Error Value: White=0.47/Black=0.70} 1-0